 Dungeon Crawl Stone Soup version 0.23-a0-49-gd9f7a49668 (webtiles) character file.

63 Minion the Digger (level 3, -1/26 HPs)
             Began as a Draconian Earth Elementalist on Aug 6, 2018.
             Slain by Sigmund
             ... wielding a +0 scythe
              (8 damage)
             ... on level 2 of the Dungeon.
             The game lasted 00:07:53 (1822 turns).

Minion the Digger (Draconian Earth Elementalist)    Turns: 1822, Time: 00:07:54

Health: -1/26      AC:  7    Str: 15    XL:     3   Next: 89%
Magic:  2/7        EV: 12    Int: 16    God:
Gold:   78         SH:  0    Dex: 11    Spells: 4/8 levels left

rFire    . . .     SeeInvis .   l - +0 hand axe
rCold    . . .     Gourm    .   (no shield)
rNeg     . . .     Faith    .   (armour unavailable)
rPois    .         Spirit   .   (helmet restricted)
rElec    .         Reflect  .   a - +1 cloak
rCorr    .         Harm     .   (no gloves)
MR       .....                  (no boots)
Stlth    +.........             (no amulet)
HPRegen  0.08/turn              j - +5 ring of strength
MPRegen  0.10/turn              (no ring)

@: confused
A: unfitting armour, cold-blooded, AC +5
a: no special abilities


You were on level 2 of the Dungeon.
You were hungry.

You visited 1 branch of the dungeon, and saw 2 of its levels.

You collected 78 gold pieces.

Inventory:

Hand Weapons
 l - a +0 hand axe (weapon)
Missiles
 b - 39 stones (quivered)
Armour
 a - a +1 cloak (worn)
Jewellery
 j - a +5 ring of strength (left hand)
Scrolls
 e - 2 scrolls of immolation
 f - 2 scrolls of enchant weapon {unknown}
 h - 3 scrolls of identify {unknown}
 i - a scroll of remove curse {unknown}
 k - a scroll of teleportation {unknown}
Potions
 d - 2 potions of lignification {unknown}
 g - a potion of curing {unknown}
Comestibles
 c - 6 rations
 m - a chunk of flesh


   Skills:
 + Level 1.7 Dodging
 - Level 1.7 Stealth
 + Level 3.1 Spellcasting
   Level 1.0 Transmutations
 + Level 4.0 Earth Magic


You had 4 spell levels left.
You knew the following spells:

 Your Spells              Type           Power        Failure   Level  Hunger
a - Sandblast             Erth           ###...       3%          1    #......
b - Stone Arrow           Conj/Erth      #.....       24%         3    ###....

Your spell library contained the following spells:

 Spells                   Type           Power        Failure   Level  Hunger
 Passwall                 Tmut/Erth      ##......     10%         2    ##.....
 Lee's Rapid Deconstruct  Erth           ###.......   67%         5    ######.
 Petrify                  Tmut/Erth      ##......     54%         4    #####..


Dungeon Overview and Level Annotations

Branches:
Dungeon (2/15)

Altars:
Ashenzari
Dithmenos
Fedhas
Makhleb
Nemelex Xobeh
Okawaru
Yredelemnul
The Shining One

Annotations:
D:2 Sigmund


Innate Abilities, Weirdness & Mutations

Your plain brown scales are hard. (AC +5)
You cannot fit into any form of body armour.
You are cold-blooded and may be slowed by cold attacks.


Message History

You hear some strange, mumbled words.
You are confused.
You're too confused to cast spells.
You're too confused!
You hear some strange, mumbled words.
Something tries to affect you, but you resist.
You hear some strange, mumbled words.
You are more confused.
Something hits you!
Found a scale mail.
You're too confused to cast spells.
Unknown command.
A magic dart appears from out of thin air!
The magic dart hits you!
* * * LOW HITPOINT WARNING * * *
You're too confused to cast spells.
You're too confused!
You bump into the rock wall.
Something hits you!
You die...

.######...###### ##
###......# ######.# # #[##
## #..# .## ##.## ..#
####..# ###### ..#
##.....##.....##
..#########.....@........#
.........###+###......$...
..######## #.{........ .)#
#.......... ..#
#.......).. .##
##........[ ## ##........
# ##......# #....##


There were no monsters in sight!

Vanquished Creatures
  2 adders (D:2)
  2 worms (D:2)
  A dart slug (D:1)
  A giant cockroach (D:1)
  3 hobgoblins
  7 jackals (D:1)
  A ball python (D:1)
  3 bats
  A frilled lizard (D:1)
  4 goblins
  11 kobolds
  A rat (D:2)
37 creatures vanquished.

Notes
Turn   | Place    | Note
-------+----------+-------------------------------------------
     0 | D:1      | Minion the Draconian Earth Elementalist began the quest for the Orb.
     0 | D:1      | Reached XP level 1. HP: 14/14 MP: 3/3
   325 | D:1      | Reached XP level 2. HP: 20/20 MP: 1/5
   845 | D:1      | You fall through a shaft!
   885 | D:2      | Noticed Sigmund
   986 | D:1      | Reached XP level 3. HP: 26/26 MP: 5/7
  1184 | D:1      | Learned a level 3 spell: Stone Arrow
  1342 | D:2      | Found a shattered altar of Ashenzari.
  1455 | D:2      | Found a basalt altar of Yredelemnul.
  1457 | D:2      | Found a burning altar of Makhleb.
  1461 | D:2      | Found an iron altar of Okawaru.
  1461 | D:2      | Found a blossoming altar of Fedhas.
  1461 | D:2      | Found a glowing golden altar of the Shining One.
  1464 | D:2      | Found a sparkling altar of Nemelex Xobeh.
  1466 | D:2      | Found a shadowy altar of Dithmenos.
  1496 | D:2      | Reached skill level 4 in Earth Magic
  1822 | D:2      | Slain by Sigmund

Vault maps used:
D:1:      nicolae_arrival_memento_mori
D:2:      minitemple, ashenzari_conservatory_becter,
          nicolae_tso_swordbearing_angel, uniq_sigmund

Skill      XL: |  1  2  3 |
---------------+----------+-----
Spellcasting   | 3 |  3.1
Earth Magic    | 4 |  4.0
Dodging        | |  1.7
Stealth        | |  1.7
Transmutations | |  1.0

Action                   || total
-------------------------++-------
Melee: Unarmed           ||    24
       Tailslap          ||     3
 Cast: Sandblast         ||    57
       Stone Arrow       ||     3
  Use: Scroll            ||     1
  Eat: Chunk             ||     3
Armor: Skin              ||    22
Dodge: Dodged            ||    34

Table legend:
 A = Spawn XP
 B = Non-spawn XP
 C = Spawn XP percentage of total XP
 D = Spawn monster count
 E = Non-spawn monster count
 F = Spawn count percentage of total count
 G = Total turns spent on level
                    A         B        C        D         E        F      G
               +---------+---------+-------+---------+---------+-------+---------
         Total |       0 |      91 |   0.0 |       0 |      37 |   0.0 |  1822
               +---------+---------+-------+---------+---------+-------+---------
           D:1 |       0 |      42 |   0.0 |       0 |      25 |   0.0 |  1113
           D:2 |       0 |      49 |   0.0 |       0 |      12 |   0.0 |   709
               +---------+---------+-------+---------+---------+-------+---------
